 Dungeon Crawl Stone Soup version 0.22.0-6-g71bd7aa6b3 (webtiles) character file.

2 IceCat the Chiller (level 1, 0/13 HPs)
             Began as a Barachi Ice Elementalist on Aug 16, 2018.
             Slain by a kobold (2 damage)
             ... on level 1 of the Dungeon.
             The game lasted 00:01:00 (210 turns).

IceCat the Chiller (Barachi Ice Elementalist)        Turns: 210, Time: 00:01:01

Health: 0/13       AC:  2    Str:  9    XL:     1   Next: 40%
Magic:  1/3        EV: 12    Int: 15    God:
Gold:   10         SH:  0    Dex: 12    Spells: 3/4 levels left

rFire    . . .     SeeInvis .   (no weapon)
rCold    . . .     Gourm    .   (no shield)
rNeg     . . .     Faith    .   a - +0 robe
rPois    .         Spirit   .   (no helmet)
rElec    .         Reflect  .   (no cloak)
rCorr    .         Harm     .   (no gloves)
MR       .....                  (no boots)
Stlth    ++........             (no amulet)
HPRegen  0.04/turn              (no ring)
MPRegen  0.08/turn              (no ring)

@: very slightly contaminated, slow
A: +LOS, swims, slowness 1, strong legs 1
a: Hop


You were on level 1 of the Dungeon.
You were not hungry.

You visited 1 branch of the dungeon, and saw 1 of its levels.

You collected 10 gold pieces.

Inventory:

Armour
 a - a +0 robe (worn)
Scrolls
 d - a scroll of teleportation {unknown}
Potions
 b - a potion of degeneration {unknown}
Comestibles
 c - a ration


   Skills:
 + Level 2.2 Dodging
 + Level 1.9 Stealth
 + Level 2.2 Spellcasting
   Level 1.1 Conjurations
 + Level 3.7 Ice Magic


You had 3 spell levels left.
You knew the following spells:

 Your Spells              Type           Power        Failure   Level  Hunger
a - Freeze                Ice            ##..         4%          1    #......

Your spell library contained the following spells:

 Spells                   Type           Power        Failure   Level  Hunger
 Throw Frost              Conj/Ice       #.....       12%         2    ###....
 Summon Ice Beast         Ice/Summ       #.......     69%         4    #####..
 Ozocubu's Armour         Chrm/Ice       #.......     30%         3    ###....
 Throw Icicle             Conj/Ice       #.......     63%         4    #####..


Dungeon Overview and Level Annotations

Branches:
Dungeon (1/15)

Altars:


Innate Abilities, Weirdness & Mutations

Shadows flee at your approach. (+LOS)
You can swim through water.
You cover ground slowly.
You can hop short distances.


Message History

The rat is severely wounded.
The rat barely misses you.
You hit the rat.
You kill the rat!
A kobold comes into view.
You see here a rat corpse.
The kobold shouts!
Casting: Freeze (safe; 4% risk of failure)
Confirm with . or Enter, or press ? or * to list all spells.
Aiming: Freeze (safe; 4% risk of failure)
Press: ? - help, Shift-Dir - straight line, f - kobold
Aim: a kobold You miscast Freeze.
Nothing appears to happen.
You barely miss the kobold. The kobold closely misses you.
You miss the kobold. The kobold closely misses you.
You hit the kobold but do no damage. The kobold hits you.
You barely miss the kobold. The kobold hits you.
* * * LOW HITPOINT WARNING * * *
You barely miss the kobold. The kobold hits you.
You die...

≈P≈P ♣♣≈♣P..####### ≈ ≈♣
♣♣♣PP....#H#N#M#
♣P≈≈♣♣♣.......########
.#..>.........'[.....
............########
##............#9#c#f#
..####...###.##....#######
#........###.####........#
#..K@...............#
###...†..#####........#
#.......#### #........#
#.#...#....###........#
........................
###.##.######..#........#
#.#..>........≈♣.##.... .
....######.P≈≈..#....
.#.#.# #.≈.P.......


You could see a kobold.

Vanquished Creatures
  A hobgoblin (D:1)
  2 rats (D:1)
3 creatures vanquished.

Notes
Turn   | Place    | Note
-------+----------+-------------------------------------------
     0 | D:1      | IceCat the Barachi Ice Elementalist began the quest for the Orb.
     0 | D:1      | Reached XP level 1. HP: 13/13 MP: 3/3
     2 | D:1      | Noticed a demigod
     4 | D:1      | Noticed a halfling
     6 | D:1      | Noticed a draconian
     6 | D:1      | Noticed a tengu
     8 | D:1      | Noticed a dwarf
    10 | D:1      | Noticed a merfolk
    10 | D:1      | Noticed a ghoul
    12 | D:1      | Noticed a troll
    12 | D:1      | Noticed a vampire
    14 | D:1      | Noticed an octopode
    14 | D:1      | Noticed a formicid
    16 | D:1      | Noticed an elf
    16 | D:1      | Noticed a human
    18 | D:1      | Noticed an ogre
    18 | D:1      | Noticed a spriggan
    20 | D:1      | Noticed a demonspawn
    20 | D:1      | Noticed a felid
    22 | D:1      | Noticed a vine stalker
    24 | D:1      | Noticed a naga
    24 | D:1      | Noticed a centaur
    26 | D:1      | Noticed a minotaur
    26 | D:1      | Noticed a gargoyle
   210 | D:1      | Slain by a kobold

Action                   || total
-------------------------++-------
Melee: Unarmed           ||    19
 Cast: Freeze            ||     4
Armor: Robe              ||     6
Dodge: Dodged            ||    12
